 Dungeon Crawl Stone Soup version 0.23.2-33-g5129a83184 (webtiles) character file.

Game seed: 7291353728834774608

1862992 Artagas the Slayer (level 25, 209/257 HPs)
             Began as a Minotaur Berserker on July 12, 2019.
             Was a High Priest of Trog.
             Escaped with the Orb
             ... and 3 runes on July 27, 2019!
             The game lasted 02:09:54 (54772 turns).

Artagas the Slayer (Minotaur Berserker)            Turns: 54772, Time: 02:09:55

Health: 209/257    AC: 51    Str: 27      XL:     25   Next: 78%
Magic:  15/22      EV: 17    Int:  6 (7)  God:    Trog [*****.]
Gold:   2637       SH: 35    Dex: 11      Spells: 24/24 levels left

rFire    + . .     SeeInvis +   P - +9 broad axe (vamp)
rCold    + . .     Gourm    .   M - +10 large shield of Ignorance {rN+ Int-4}
rNeg     + . .     Faith    .   B - +10 plate armour {rF+}
rPois    +         Spirit   .   W - +2 hat
rElec    +         Reflect  .   l - +2 cloak {MR+}
rCorr    .         Harm     .   R - +2 pair of gloves "Ditotask" {rPois MP-9 Str-4 SInv}
MR       +++..                  k - +2 pair of boots "Ymmel" {rPois Str-2 Int+7}
Stlth    ..........             V - amulet of the Orange Skies {RegenMP Slay+5}
HPRegen  0.52/turn              I - ring "Reypsiep" {+Fly rElec rC+ MR+}
MPRegen  0.43/turn              p - +5 ring of protection

@: no status effects
A: retaliatory headbutt, horns 2, rugged brown scales 1, blurry vision 1, wild
magic 1, no potion heal 1
0: Orb of Zot
}: 3/15 runes: barnacled, silver, gossamer
a: Berserk, Trog's Hand, Brothers in Arms, Renounce Religion, Evoke Flight


You escaped.
You worshipped Trog.
Trog was extremely pleased with you.
You were not hungry.

You visited 9 branches of the dungeon, and saw 49 of its levels.
You also visited: Sewer, Ossuary and Gauntlet.

You collected 6491 gold pieces.
You spent 3854 gold pieces at shops.

Inventory:

Hand Weapons
 i - a +7 antimagic broad axe
   (Trog gifted it to you on level 5 of the Lair of Beasts)
 P - a +9 vampiric broad axe (weapon)
   (Trog gifted it to you on level 11 of the Dungeon)
Missiles
 J - 10 throwing nets (quivered)
Armour
 k - the +2 pair of boots "Ymmel" (worn) {rPois Str-2 Int+7}
   (You acquired it on level 3 of the Lair of Beasts)

   It affects your strength (-2).
   It affects your intelligence (+7).
   It protects you from poison.
 l - a +2 cloak of magic resistance (worn)
   (You took it off a draconian monk on level 1 of the Realm of Zot)
 B - a +10 plate armour of fire resistance (worn)
   (You found it on level 4 of the Depths)
 M - the +10 large shield of Ignorance (worn) {rN+ Int-4}
   (You acquired it on level 4 of the Vaults)

   It affects your intelligence (-4).
   It protects you from negative energy.
 R - the +2 pair of gloves "Ditotask" (worn) {rPois MP-9 Str-4 SInv}
   (You found it on level 12 of the Dungeon)

   It affects your strength (-4).
   It protects you from poison.
   It affects your magic capacity (-9).
   It lets you see invisible.
 S - the +1 cloak of Starlight {rElec rC+ EV+4 Stlth--}
   (You found it on level 4 of the Depths)

   It affects your evasion (+4).
   It protects you from cold.
   It insulates you from electricity.
   It makes you much less stealthy.
 W - a +2 hat (worn)
   (You took it off Gastronok on level 1 of the Lair of Beasts)
Jewellery
 m - the ring "Efixtin" {rF+ Str-5 Int+2 Dex+3}
   (You found it on level 4 of the Depths)

   [ring of protection from fire]

   It affects your strength (-5).
   It affects your intelligence (+2).
   It affects your dexterity (+3).
   It protects you from fire.
 p - a +5 ring of protection (right hand)
   (You found it in a Gauntlet)
 I - the ring "Reypsiep" (left hand) {+Fly rElec rC+ MR+}
   (You bought it in a shop on level 1 of the Elven Halls)

   [ring of protection from cold]

   It protects you from cold.
   It insulates you from electricity.
   It affects your resistance to hostile enchantments.
   It lets you fly.
 V - the amulet of the Orange Skies (around neck) {RegenMP Slay+5}
   (You acquired it on level 6 of the Dungeon)

   [amulet of magic regeneration]

   It increases your magic regeneration.
   It affects your accuracy and damage with ranged weapons and melee attacks
   (+5).
Wands
 b - a wand of iceblast (12)
   (You found it on level 4 of the Lair of Beasts)
 c - a wand of scattershot (3)
   (You found it on level 5 of the Depths)
 v - a wand of digging (7)
   (You found it on level 4 of the Lair of Beasts)
 x - a wand of paralysis (23)
   (You took it off Erica on level 10 of the Dungeon)
 U - a wand of acid (18)
   (You took it off Ijyb on level 4 of the Dungeon)
Scrolls
 o - 2 scrolls of immolation
 r - 22 scrolls of identify
 t - 22 scrolls of teleportation
 w - a scroll of remove curse
 y - 8 scrolls of magic mapping
 z - 6 scrolls of blinking
 A - 2 scrolls of holy word
 G - 8 scrolls of fear
 O - 3 scrolls of vulnerability
 Q - 2 scrolls of fog
 Y - 2 scrolls of silence
Potions
 a - 6 potions of cancellation
 d - 5 potions of might
 f - 2 potions of magic
 g - 2 potions of ambrosia
 h - 4 potions of haste
 j - 8 potions of berserk rage
 n - a potion of resistance
 q - 20 potions of curing
 s - 8 potions of agility
 u - a potion of brilliance
 C - 12 potions of flight
 D - 2 potions of heal wounds
 F - 11 potions of mutation
 L - 10 potions of lignification
Miscellaneous
 H - a lamp of fire
   (You found it on level 1 of the Lair of Beasts)
 K - a sack of spiders
 T - 4 boxes of beasts
 Z - a phantom mirror
Comestibles
 e - 42 rations


   Skills:
 + Level 25.4 Fighting
 - Level 18.0 Axes
 + Level 24.5 Armour
 + Level 19.8 Dodging
 + Level 23.6 Shields
 - Level 13.0 Evocations


You had 24 spell levels left.
You didn't know any spells.
Your spell library was empty.

Dungeon Overview and Level Annotations

Branches:
Dungeon (15/15)            Temple (0/1) D:7            Lair (6/6) D:11
 Shoals (4/4) Lair:4       Spider (4/4) Lair:3        Slime (0/5) Lair:5
    Orc (2/2) D:9             Elf (3/3) Orc:2        Vaults (5/5) D:13
  Crypt (0/3) Vaults:2     Depths (5/5) D:15            Zot (5/5) Depths:5

Altars:
Ashenzari
Fedhas
Gozag
Hepliaklqana
Nemelex Xobeh
Ru
Trog
Xom
Yredelemnul
Beogh
Jiyva

Shops:
D:6 !*   D:11 [   D:15 *   Orc:2 [=(!   Elf:1 }=}   Vaults:2 =   Vaults:4 ?:

Portals:
Hell: Depths:1 Depths:2 Depths:3 Depths:4 Depths:5
Abyss: Depths:4
Pandemonium: Depths:4 Depths:5
Ziggurat: Depths:1

Annotations:
D:4 1 runed translucent door, Frank's ghost, novice OpFi; Sigmund
D:13 1 runed translucent door, Hycrow's ghost, journeyman GrEE
Lair:5 3 runed translucent doors, Jaiteiro's ghost, adept GrFi; teukkam's ghost, journeyman MiFi
Spider:2 1 transporter, bmj180's ghost, adept MiFi
Depths:4 exclusion: 2 obsidian statues
Zot:4 2 transporters, exclusion: obsidian statue


Innate Abilities, Weirdness & Mutations

You reflexively headbutt those who attack you in melee.
You have a pair of horns on your head.
You are partially covered in rugged brown scales. (AC +1, +3% HP)
Scrolls take you a little longer to read.
Your spells are a little harder to cast, but a little more powerful.
Potions are less effective at restoring your health.


Message History

Your troll claws the shining eye.
Your troll claws the shining eye!
You block Nisacw's attack.
You completely miss Nisacw.
Nisacw is almost dead.
You slash the soul eater!
The soul eater's magic leaks into the air.
Nisacw hits you!!
Your troll bites the shining eye!!
The shining eye dies!
You block the soul eater's attack. You block Nisacw's attack.
You slash Nisacw!
Nisacw's magic leaks into the air.
Nisacw is almost dead.
You hit the soul eater.
The soul eater's magic leaks into the air.
Nisacw falters for a moment.
Your troll bites the soul eater.
Your troll claws the soul eater but does no damage.
Your troll claws the soul eater.
The soul eater hits your troll!
A toenail golem comes into view.
You slash Nisacw!
Nisacw's magic leaks into the air.
Nisacw is almost dead.
You slice the soul eater!!
You kill the soul eater!
You block Nisacw's attack.
Your troll misses Nisacw.
Your troll completely misses Nisacw.
Your troll claws Nisacw.
Nisacw hits you but does no damage.
You miss Nisacw.
Nisacw is almost dead.
You block Nisacw's attack.
Your troll closely misses Nisacw.
Your troll completely misses Nisacw. x2; You block Nisacw's attack.
Your troll completely misses Nisacw.
Your troll closely misses Nisacw.
Your troll claws Nisacw!
Nisacw dies!
Trog accepts your kill.
The toenail golem closely misses your troll.
Your troll bites the toenail golem!
Your troll barely misses the toenail golem.
Your troll claws the toenail golem!
You swap places.
You block the toenail golem's attack.
You carve the toenail golem like a ham!!!
You destroy the toenail golem!
Trog accepts your kill.
Your troll is no longer berserk.
Your troll disappears in a puff of smoke!
Evoke which item? (* to show all) (? for menu, Esc to quit)
Aiming: Dig
Press: ? - help, Shift-Dir - straight line A rock wall.
This square is covered in magical glow.
The rock shatters into small pieces.
There is a stone staircase leading up here.
Wield which item (- for none, * to show all)? (? for menu, Esc to quit)
This weapon is vampiric, and you must be Full or above to equip it.
You eat one of the 43 rations.
That ration really hit the spot!
Wear which item? (? for menu, Esc to quit)
Okay, then.
Wield which item (- for none, * to show all)? (? for menu, Esc to quit)
Really wield
P - a +9 vampiric broad axe? [Y]es or [N]o only, please.
Really wield
P - a +9 vampiric broad axe? [Y]es or [N]o only, please.
Really wield
P - a +9 vampiric broad axe? [Y]es or [N]o only, please.
Really wield
P - a +9 vampiric broad axe?
Okay, then.
Wield which item (- for none, * to show all)? (? for menu, Esc to quit)
Really wield
P - a +9 vampiric broad axe?
You feel magic returning to you.
You feel a dreadful hunger.
P - a +9 vampiric broad axe (weapon)
You climb upwards.
There is a stone staircase leading down here.
Evoke which item? (* to show all) (? for menu, Esc to quit)
Aiming: Dig
Press: ? - help, Shift-Dir - straight line A rock wall.
This square is covered in magical glow.
The rock shatters into small pieces.
You enter the shallow water.
Moving in this stuff is going to be slow.
An Orb Guardian comes into view.
There is a staircase leading out of the dungeon here.
You hit the Orb Guardian.
You feel better.
The Orb Guardian is lightly wounded.
You block the Orb Guardian's attack.
You slice the Orb Guardian!!
You feel better.
You headbutt the Orb Guardian!
The Orb Guardian is heavily wounded.
The Orb Guardian hits you but does no damage.
You hit the Orb Guardian.
The Orb Guardian is heavily wounded.
You block the Orb Guardian's attack.
You closely miss the Orb Guardian.
The Orb Guardian is heavily wounded.
The Orb Guardian hits you!!
You chop the Orb Guardian into pieces!!!
You headbutt the Orb Guardian, but do no damage.
The Orb Guardian is almost dead.
The Orb Guardian hits you but does no damage.
You slice the Orb Guardian!!
You kill the Orb Guardian!
Trog accepts your kill.
You feel your intelligence returning.
You have escaped!

#######.# #.# ######### #.###
#.......# ##...####### #
#.#####.######..##.##.... # #.#
#....(......#.##.### # #.#
###.'#####...#.##.# # ##### #.#
#≈≈≈≈≈≈≈#...†.###.### ....# #.#
#≈#≈@≈#≈##........... ###.# #.#
#≈###≈.≈###..####.##. # #.#
#.####≈X≈≈≈≈###.## #.##. # #.#
#...#≈######.##.# #.#.. # #.#
######≈≈≈#..'.#+## #..(. #.#
#.#≈##≈##.#....## ###.# ###.#
#.#.##....#....>## #.# ....#
#####.#'#######......## #.#
.######.........###.........###..


There were no monsters in sight!

Vanquished Creatures
  A pandemonium lord (D:5)
  5 ancient liches
  4 orbs of fire
  3 juggernauts
  7 Killer Klowns
  Xtahua (Depths:4)
  A curse toe (Zot:5)
  A golden dragon (Zot:2)
  Nikola (Spider:3)
  2 bone dragons (Depths:5)
  Arachne (Spider:3)
  An electric golem (Zot:5)
  A tentacled monstrosity (Zot:2)
  An Ice Fiend (Depths:3)
  26 Orb Guardians
  Jorgrun (Orc:1)
  2 deep elf master archers (Elf:3)
  2 liches
  2 deep elf blademasters
  6 quicksilver dragons
  3 death cobs
  6 titans
  4 sphinxes
  2 Executioners
  Gastronok (Lair:1)
  4 tengu reavers
  Roxanne (D:15)
  Agnes (Elf:2)
  8 storm dragons
  11 shadow dragons
  A shadow dragon (shapeshifter) (Depths:4)
  8 fire giants
  4 draconian monks
  3 frost giants
  12 vault wardens
  8 deep elf sorcerers
  Louise (Elf:2)
  3 draconian knights
  A warmonger (D:14)
  4 ghost moths
  An orc warlord (Vaults:4)
  A balrug (Depths:1)
  A draconian scorcher (Zot:2)
  3 draconian shifters
  A draconian stormcaller (Zot:2)
  Aizul (Elf:3)
  3 deep elf elementalists
  5 war gargoyles
  12 ironheart preservers
  5 draconian annihilators
  12 stone giants
  16 very ugly things
  A reaper (Depths:5)
  An entropy weaver (Vaults:2)
  7 deep elf demonologists
  A blood saint (D:14)
  A small abomination (Vaults:5)
  A vampire knight (Depths:2)
  9 red draconians
  A dire elephant (Lair:6)
  2 yellow draconians
  9 deep elf annihilators
  Azrael (Orc:2)
  5 purple draconians
  A minotaur (Gauntlet)
  4 black draconians
  3 white draconians
  8 deep elf death magi
  8 ettins
  9 crystal guardians (Depths:4)
  6 merfolk impalers
  Snorg (Orc:2)
  7 merfolk javelineers
  7 fire dragons
  15 yaktaur captains
  A fire dragon (shapeshifter) (Depths:4)
  Josephine (Orc:2)
  8 great orbs of eyes
  5 ice dragons
  2 deep elf high priests (Vaults:5)
  29 vault guards
  A monstrous demonspawn (Zot:5)
  7 rakshasas
  Fannar (D:10)
  A spriggan air mage (Depths:5)
  5 hydras
  5 merfolk aquamancers
  6 centaur warriors
  5 merfolk avatars
  8 ogre magi
  2 satyrs
  4 tengu warriors
  A catoblepas (Lair:6)
  Erica (D:10)
  7 deep troll earth magi
  5 death knights
  28 two-headed ogres
  15 death yaks (Lair:6)
  An alligator snapping turtle (Shoals:4)
  29 dancing weapons
  7 deep troll shamans
  A vampire mage (Depths:2)
  2 sun demons (D:14)
  23 deep elf knights
  4 spriggan berserkers
  9 orc high priests
  4 sixfirhies
  An iron troll (Depths:2)
  A hell knight (Depths:5)
  2 shadow wraiths
  3 skeletal warriors
  A glowing orange brain (shapeshifter) (Vaults:5)
  3 salamander mystics (Depths:1)
  A torturous demonspawn (D:11)
  2 infernal demonspawn (D:14)
  4 unseen horrors
  8 sea snakes
  5 wizards
  A gelid demonspawn (D:2)
  2 flayed ghosts
  11 deep trolls
  8 glowing orange brains
  An obsidian statue (Depths:4)
  16 ironbrand convokers
  2 lindwurms (Lair:6)
  20 deep elf archers
  4 phantasmal warriors
  An orb spider (shapeshifter) (Vaults:1)
  5 necromancers
  13 orc knights
  80 deep elf magi
  8 harpies
  9 orc sorcerers
  9 orb spiders
  20 wolf spiders
  An oklob plant (D:7)
  20 ugly things
  2 cyclopes (shapeshifter)
  14 cyclopes
  12 fauns
  13 elephants
  7 moths of wrath
  13 manticores
  4 merfolk sirens
  9 salamanders (Depths:1)
  A guardian serpent (Elf:3)
  A guardian serpent (shapeshifter) (Vaults:1)
  A torpor snail (Spider:1)
  A black mamba (shapeshifter) (Vaults:1)
  5 water nymphs
  A toenail golem (D:2)
  An ice statue (Shoals:1)
  Joseph (D:10)
  11 spiny frogs
  5 black mambas
  A molten gargoyle (Depths:4)
  A torpor snail (shapeshifter) (Depths:4)
  10 vault sentinels
  An orange demon (D:11)
  6 gargoyles
  A minotaur zombie (Gauntlet)
  A spiny frog (shapeshifter) (Vaults:2)
  A smoke demon (D:14)
  A kobold demonologist (D:13)
  31 yaktaurs
  2 efreet
  11 komodo dragons
  A rime drake (Lair:6)
  6 red devils
  6 freezing wraiths
  7 demonic crawlers
  An ice devil (Depths:5)
  A yaktaur skeleton (Vaults:2)
  3 jumping spiders (shapeshifter)
  4 wind drakes
  8 trolls
  A merfolk (shapeshifter) (Vaults:5)
  A wind drake (shapeshifter) (Vaults:4)
  A tengu conjurer (D:15)
  22 merfolk
  A polar bear (shapeshifter) (Vaults:4)
  23 jumping spiders
  3 hornets
  6 raiju (Depths:4)
  19 slime creatures
  3 polar bears
  17 dream sheep
  A frost giant simulacrum (Vaults:1)
  13 blink frogs
  A hippogriff (shapeshifter) (Vaults:2)
  3 dream sheep (shapeshifter)
  11 hippogriffs
  A meliai zombie (D:15)
  13 snapping turtles
  A redback (shapeshifter) (Depths:4)
  A vampire (D:13)
  9 air elementals
  33 redbacks
  20 tarantellas
  6 wraiths
  3 wyverns
  19 water elementals
  3 fire bats (Depths:1)
  2 yaks (shapeshifter)
  32 yaks
  A hog (shapeshifter) (Depths:4)
  28 fire elementals
  2 hungry ghosts
  A basilisk (shapeshifter) (Vaults:2)
  2 chaos spawn
  A steam dragon (D:10)
  2 basilisks
  7 vampire mosquitoes (D:15)
  A neqoxec (D:2)
  Menkaure (Ossuary)
  9 wargs
  A swamp worm (shapeshifter) (Depths:4)
  An insubstantial wisp (Depths:4)
  2 human zombies (Vaults:2)
  2 acid dragons
  9 large abominations
  2 soldier ants
  10 water moccasins
  4 hell hounds (Orc:2)
  6 porcupines
  2 water moccasins (shapeshifter)
  5 sky beasts
  33 orc warriors
  4 ice beasts
  A black bear (shapeshifter) (D:15)
  9 black bears
  An eye of draining (D:14)
  An eye of draining (shapeshifter) (Vaults:1)
  A phantom (D:13)
  11 wolves
  24 centaurs
  16 ogres
  11 crocodiles
  10 big kobolds
  3 elf zombies
  14 bullfrogs
  A spiny frog simulacrum (Gauntlet)
  A gnoll sergeant (D:8)
  13 earth elementals
  A wyvern zombie (D:7)
  A water moccasin skeleton (D:7)
  A hornet simulacrum (D:14)
  3 scorpions
  An orc simulacrum (Vaults:2)
  22 wights
  3 electric eels
  5 centaur zombies
  10 crimson imps
  A quasit (D:11)
  A wyvern simulacrum (Gauntlet)
  7 hounds
  9 jellies
  35 orc priests
  An iron imp (Depths:5)
  14 orc wizards
  3 centaur skeletons
  3 bullfrog skeletons (D:13)
  Ijyb (D:4)
  2 iguanas
  13 worker ants
  A centaur simulacrum (Gauntlet)
  A bullfrog simulacrum (Gauntlet)
  A hound skeleton (D:6)
  3 mummies (Ossuary)
  2 worker ant zombies
  9 gnolls
  11 adders
  7 shadow imps
  4 white imps (Depths:5)
  18 oozes
  2 adder skeletons (D:4)
  An adder zombie (D:6)
  8 worms
  A dart slug (D:1)
  4 leopard geckos
  82 orcs
  3 giant cockroaches
  5 gnoll zombies (Ossuary)
  5 goblins
  7 hobgoblins
  5 jackals
  5 quokkas
  4 ball pythons (Sewer)
  5 bats
  4 frilled lizards
  2 gnoll skeletons (Ossuary)
  7 goblin skeletons (Ossuary)
  2 goblin zombies (Ossuary)
  3 hobgoblin skeletons (Ossuary)
  4 hobgoblin zombies (Ossuary)
  27 kobolds
  6 kobold skeletons (Ossuary)
  3 kobold zombies (Ossuary)
  A leopard gecko skeleton (D:4)
  2 orc skeletons (Ossuary)
  6 orc zombies (Ossuary)
  A quokka skeleton (D:5)
  11 rats
  5 rat skeletons (Ossuary)
  5 rat zombies (Ossuary)
  2 bushes (Lair:6)
  2 crawling corpses (Vaults:5)
  13 fungi
  29 plants
2008 creatures vanquished.

Vanquished Creatures (collateral kills)
  Mara (Depths:2)
  A juggernaut (Depths:5)
  An ancient lich (Vaults:5)
  A pandemonium lord (D:2)
  Bai Suzhen (Elf:3)
  A curse toe (Zot:2)
  An Ice Fiend (D:11)
  A ghost moth (Spider:4)
  A deep elf sorcerer (Vaults:5)
  A draconian annihilator (Zot:2)
  4 emperor scorpions (Spider:4)
  An ice dragon (Depths:2)
  A hydra (Lair:1)
  A yaktaur captain (Depths:5)
  2 centaur warriors (Depths:2)
  4 dancing weapons
  2 orc high priests (Orc:2)
  A hell knight (Depths:2)
  A cyclops (D:9)
  2 deep elf magi (Elf:2)
  A yaktaur (Depths:5)
  A komodo dragon (Lair:1)
  5 hornets (Spider:4)
  4 wraiths (Orc:2)
  3 yaks (Lair:1)
  2 orc priests (Orc:2)
  3 orcs (Orc:2)
48 creatures vanquished.

Vanquished Creatures (others)
  A draconian shifter (Zot:2)
  A blizzard demon (Depths:4)
  A soul eater (D:5)
  2 deep elf magi
  An ice devil (D:5)
  A meliai (shapeshifter) (Depths:4)
  2 water elementals (Depths:4)
  An insubstantial wisp (Depths:4)
  9 ball lightnings (Depths:4)
  An orc (D:10)
  A bush (Lair:6)
  10 fungi
  5 plants
36 creatures vanquished.

Grand Total: 2092 creatures vanquished

Notes
Turn   | Place    | Note
-------+----------+-------------------------------------------
     0 | D:1      | Artagas the Minotaur Berserker began the quest for the Orb.
     0 | D:1      | Reached XP level 1. HP: 19/19 MP: 0/0
   177 | D:1      | Reached skill level 4 in Fighting
   177 | D:1      | Reached skill level 4 in Axes
   382 | D:1      | Reached XP level 2. HP: 27/27 MP: 1/1
   691 | D:1      | Reached XP level 3. HP: 31/33 MP: 2/2
  1033 | D:2      | Reached skill level 5 in Axes
  1505 | D:2      | Reached XP level 4. HP: 40/40 MP: 3/3
  2004 | D:3      | Reached skill level 6 in Axes
  2050 | D:3      | Found a sparkling altar of Nemelex Xobeh.
  2107 | D:3      | Reached ** piety under Trog
  2443 | D:4      | Noticed an ogre
  2446 | D:4      | Reached XP level 5. HP: 42/46 MP: 4/4
  2451 | D:4      | Killed an ogre
  2451 | D:4      | Reached skill level 7 in Axes
  2471 | D:4      | Reached skill level 8 in Axes
  2471 | D:4      | Reached XP level 6. HP: 46/52 MP: 5/5
  2543 | D:4      | Noticed Ijyb
  2588 | D:4      | Killed Ijyb
  2858 | D:4      | Found a glowing drain.
  2869 | Sewer    | Entered a sewer
  3158 | Sewer    | Reached skill level 9 in Axes
  3440 | Sewer    | Reached skill level 3 in Armour
  3440 | Sewer    | Reached skill level 1 in Evocations
  3440 | Sewer    | Reached XP level 7. HP: 57/60 MP: 6/6
  3792 | D:4      | Noticed Sigmund
  3990 | D:4      | Found a runed translucent door.
  4003 | D:4      | Noticed Frank's ghost (novice OpFi)
  4080 | D:5      | Entered Level 5 of the Dungeon
  4467 | D:5      | Reached skill level 5 in Fighting
  4473 | D:5      | Reached skill level 2 in Evocations
  4488 | D:5      | Reached skill level 4 in Armour
  4718 | D:5      | Reached *** piety under Trog
  4718 | D:5      | Reached XP level 8. HP: 63/70 MP: 7/9
  5044 | D:6      | Reached skill level 3 in Evocations
  5058 | D:6      | Reached skill level 6 in Fighting
  5058 | D:6      | Reached skill level 5 in Armour
  5572 | D:6      | Found Amo Hisch's Distillery.
  5579 | D:6      | Found Cidi's Assorted Antiques.
  5580 | D:6      | Bought a potion of haste for 120 gold pieces
  5580 | D:6      | Bought a potion of curing for 36 gold pieces
  5590 | D:6      | Bought a scroll labeled NOXKALL ZEF QECKUO for 21 gold
                  | pieces
  5724 | D:6      | Reached skill level 1 in Shields
  5817 | D:7      | Noticed a hippogriff
  5840 | D:7      | Killed a hippogriff
  5840 | D:7      | Reached skill level 2 in Shields
  6083 | D:7      | Found a staircase to the Ecumenical Temple.
  6225 | D:7      | Reached skill level 4 in Evocations
  6274 | D:7      | Reached skill level 7 in Fighting
  6274 | D:7      | Reached skill level 3 in Shields
  6514 | D:7      | Reached skill level 10 in Axes
  6516 | D:7      | Reached XP level 9. HP: 79/79 MP: 11/11
  6669 | D:7      | Reached **** piety under Trog
  6751 | D:7      | Reached skill level 8 in Fighting
  6919 | D:7      | Reached skill level 11 in Axes
  7009 | D:7      | Noticed an oklob plant
  7220 | D:7      | Killed an oklob plant
  7220 | D:7      | Reached ***** piety under Trog
  7220 | D:7      | Reached skill level 12 in Axes
  7442 | D:8      | Found a shattered altar of Ashenzari.
  7530 | D:8      | Found a sand-covered staircase.
  7545 | Ossuary  | Entered an ossuary
  7772 | Ossuary  | Received a gift from Trog
  7784 | Ossuary  | Noticed Menkaure
  7790 | Ossuary  | Killed Menkaure
  7790 | Ossuary  | Reached XP level 10. HP: 90/90 MP: 12/12
  8315 | D:8      | Reached skill level 6 in Armour
  8654 | D:9      | Reached skill level 9 in Fighting
  8656 | D:9      | Reached skill level 5 in Evocations
  8667 | D:9      | Reached skill level 13 in Axes
  8678 | D:9      | Reached skill level 7 in Armour
  8951 | D:9      | Reached skill level 14 in Axes
  9272 | D:9      | Found a staircase to the Orcish Mines.
  9435 | D:9      | Noticed a cyclops
  9471 | D:9      | Killed a cyclops
  9807 | D:9      | Noticed a moth of wrath
  9810 | D:9      | Found a bloodstained altar of Trog.
  9837 | D:9      | Got a pitted triple sword
  9863 | D:9      | Identified the +7 triple sword "Roixt" {vamp, MR+ Str-2
                  | Dex+4 Stlth+} (You found it on level 9 of the Dungeon)
  9898 | D:10     | Entered Level 10 of the Dungeon
  9927 | D:10     | Noticed Fannar
  9936 | D:10     | Killed Fannar
  9936 | D:10     | Received a gift from Trog
  9936 | D:10     | Reached skill level 8 in Armour
  9936 | D:10     | Reached XP level 11. HP: 99/99 MP: 13/13
 10019 | D:10     | Reached skill level 4 in Shields
 10310 | D:10     | Noticed Erica
 10372 | D:10     | Reached ****** piety under Trog
 10379 | D:10     | Killed Erica
 10379 | D:10     | Reached skill level 10 in Fighting
 10518 | D:10     | Found an opulent altar of Gozag.
 10535 | D:10     | Noticed Joseph
 10541 | D:10     | Killed Joseph
 10709 | D:10     | Reached skill level 5 in Shields
 11585 | D:11     | Found Fiuzuf's Armour Shoppe.
 11804 | D:11     | Found a staircase to the Lair.
 11823 | D:11     | Reached skill level 9 in Armour
 11851 | D:11     | Reached skill level 15 in Axes
 12003 | D:11     | Reached skill level 6 in Shields
 12077 | D:11     | Received a gift from Trog
 12514 | D:6      | Bought a potion of resistance for 120 gold pieces
 12514 | D:6      | Bought a potion of curing for 36 gold pieces
 12521 | D:6      | Bought 2 scrolls labeled NOXKALL ZEF QECKUO for 42 gold
                  | pieces
 12534 | D:6      | Got a scintillating pewter amulet
 12535 | D:6      | Identified the amulet of the Orange Skies {RegenMP Slay+5}
                  | (You acquired it on level 6 of the Dungeon)
 12537 | D:6      | Got a coiled bronze ring
 12539 | D:6      | Identified the ring of Veupp {Ice +Blink Int+4} (You
                  | acquired it on level 6 of the Dungeon)
 12679 | Lair:1   | Entered Level 1 of the Lair of Beasts
 12686 | Lair:1   | Noticed a six-headed hydra
 12689 | Lair:1   | Killed a six-headed hydra
 12689 | Lair:1   | Reached skill level 11 in Fighting
 12798 | Lair:1   | Noticed a five-headed hydra
 12813 | Lair:1   | Killed a six-headed hydra
 12818 | Lair:1   | Noticed Gastronok
 12825 | Lair:1   | Reached XP level 12. HP: 73/110 MP: 14/14
 12831 | Lair:1   | Killed Gastronok
 12831 | Lair:1   | Reached skill level 16 in Axes
 13316 | Lair:2   | Reached skill level 7 in Shields
 14200 | Lair:3   | Reached skill level 10 in Armour
 14322 | Lair:3   | Got a pair of pitted boots
 14333 | Lair:3   | Identified the +2 pair of boots "Ymmel" {rPois Str-2 Int+7}
                  | (You acquired it on level 3 of the Lair of Beasts)
 14565 | Lair:3   | Found a hole to the Spider Nest.
 15344 | Lair:3   | Reached skill level 12 in Fighting
 15344 | Lair:3   | Reached skill level 8 in Shields
 15725 | Lair:4   | Found a staircase to the Shoals.
 15862 | Lair:4   | Noticed a four-headed hydra
 15875 | Lair:4   | Killed an eight-headed hydra
 15940 | Lair:4   | Found a gate leading to a gauntlet.
 15953 | Lair:4   | Reached skill level 11 in Armour
 15953 | Lair:4   | Reached skill level 9 in Shields
 15960 | Gauntlet | Entered a Gauntlet
 15960 | Gauntlet | Found a transporter.
 15960 | Gauntlet | Found a transporter.
 15961 | Gauntlet | Found a runed translucent door.
 16010 | Gauntlet | Noticed a tengu warrior
 16023 | Gauntlet | Found a transporter.
 16023 | Gauntlet | Found a transporter.
 16031 | Gauntlet | Found a transporter.
 16035 | Gauntlet | Found a transporter.
 16046 | Gauntlet | Found a transporter.
 16059 | Gauntlet | Found a transporter.
 16076 | Gauntlet | Found a transporter.
 16077 | Gauntlet | Found a transporter.
 16085 | Gauntlet | Found a transporter.
 16089 | Gauntlet | Found a transporter.
 16181 | Gauntlet | Reached XP level 13. HP: 119/119 MP: 15/15
 16417 | Gauntlet | Noticed a minotaur
 16426 | Gauntlet | Killed a minotaur
 16426 | Gauntlet | Reached skill level 17 in Axes
 17040 | Lair:4   | Reached skill level 13 in Fighting
 17682 | Lair:5   | Reached skill level 10 in Shields
 17776 | Lair:5   | Found a runed translucent gate.
 17776 | Lair:5   | Found a runed translucent gate.
 17776 | Lair:5   | Found a runed translucent gate.
 17776 | Lair:5   | Noticed teukkam's ghost (journeyman MiFi)
 17777 | Lair:5   | Noticed Jaiteiro's ghost (adept GrFi)
 17933 | Lair:5   | Received a gift from Trog
 18054 | Lair:5   | Reached skill level 14 in Fighting
 18138 | Lair:5   | Found a viscous altar of Jiyva.
 18139 | Lair:5   | Found a staircase to the Slime Pits.
 18377 | Lair:6   | Entered Level 6 of the Lair of Beasts
 18451 | Lair:6   | Reached skill level 18 in Axes
 18506 | Lair:6   | Reached skill level 3 in Dodging
 18614 | Lair:6   | Reached XP level 14. HP: 125/132 MP: 17/17
 18618 | Lair:6   | Reached skill level 4 in Dodging
 18879 | Lair:6   | Reached skill level 6 in Evocations
 18967 | Lair:6   | Reached skill level 5 in Dodging
 18967 | Lair:6   | Reached skill level 11 in Shields
 19180 | Lair:6   | Found a shimmering altar of Xom.
 19456 | D:12     | Reached skill level 12 in Armour
 19703 | D:12     | Got a pair of bloodstained gloves
 19714 | D:12     | Identified the +2 pair of gloves "Ditotask" {rPois MP-9
                  | Str-4 SInv} (You found it on level 12 of the Dungeon)
 20698 | D:13     | Found a basalt altar of Yredelemnul.
 21092 | D:13     | Found a runed translucent door.
 21093 | D:13     | Found a shimmering altar of Xom.
 21093 | D:13     | Noticed Hycrow's ghost (journeyman GrEE)
 21196 | D:13     | Reached skill level 15 in Fighting
 21196 | D:13     | Reached skill level 6 in Dodging
 21196 | D:13     | Reached skill level 7 in Evocations
 21354 | D:13     | Found a gate to the Vaults.
 21628 | Orc:1    | Entered Level 1 of the Orcish Mines
 21645 | Orc:1    | Noticed Jorgrun
 21660 | Orc:1    | Killed Jorgrun
 22013 | Orc:1    | Found a bloodstained altar of Trog.
 22134 | Orc:2    | Entered Level 2 of the Orcish Mines
 22254 | Orc:2    | Reached XP level 15. HP: 140/141 MP: 10/19
 22257 | Orc:2    | Received a gift from Trog
 22257 | Orc:2    | Noticed Josephine
 22269 | Orc:2    | Killed Josephine
 22282 | Orc:2    | Reached skill level 12 in Shields
 22294 | Orc:2    | Found a roughly hewn altar of Beogh.
 22308 | Orc:2    | Reached skill level 7 in Dodging
 22312 | Orc:2    | Found Fudd's Antique Weapon Shoppe.
 22312 | Orc:2    | Found Zivebryt's Distillery.
 22374 | Orc:2    | Bought a potion of curing for 45 gold pieces
 22374 | Orc:2    | Bought a potion of heal wounds for 75 gold pieces
 22374 | Orc:2    | Bought a potion of curing for 45 gold pieces
 22374 | Orc:2    | Bought a potion of heal wounds for 75 gold pieces
 22374 | Orc:2    | Bought 2 potions of haste for 300 gold pieces
 22408 | Orc:2    | Noticed Snorg
 22409 | Orc:2    | Noticed Azrael
 22442 | Orc:2    | Killed Snorg
 22444 | Orc:2    | Killed Azrael
 22685 | Orc:2    | Reached skill level 13 in Armour
 22704 | Orc:2    | Found a staircase to the Elven Halls.
 22768 | Orc:2    | Found Pontunkotuc's Jewellery Boutique.
 22768 | Orc:2    | Found Kuseir's Armour Shoppe.
 23411 | D:14     | Received a gift from Trog
 23588 | D:14     | Reached skill level 8 in Evocations
 24615 | D:15     | Entered Level 15 of the Dungeon
 24661 | D:15     | Reached skill level 8 in Dodging
 24695 | D:15     | Received a gift from Trog
 25011 | D:15     | Found a staircase to the Depths.
 25111 | D:15     | Identified Roxanne's Incunabulum of Transmutation
 25111 | D:15     | Noticed Roxanne
 25131 | D:15     | Killed Roxanne
 25131 | D:15     | Reached skill level 16 in Fighting
 25136 | D:15     | Reached skill level 13 in Shields
 25160 | D:15     | Found Timaf's Assorted Antiques.
 25192 | D:15     | Bought a ring of protection for 44 gold pieces
 25192 | D:15     | Bought a potion of curing for 66 gold pieces
 25192 | D:15     | Bought a scroll of magic mapping for 77 gold pieces
 25192 | D:15     | Bought a scroll of enchant armour for 165 gold pieces
 25343 | D:15     | Found a hazy altar of Hepliaklqana.
 25345 | D:15     | Found a shimmering altar of Xom.
 25345 | D:15     | Found a shattered altar of Ashenzari.
 25347 | D:15     | Found a basalt altar of Yredelemnul.
 25347 | D:15     | Found a sacrificial altar of Ru.
 25347 | D:15     | Found a blossoming altar of Fedhas.
 25847 | Spider:1 | Entered Level 1 of the Spider Nest
 25891 | Spider:1 | Reached skill level 9 in Dodging
 25893 | Spider:1 | Received a gift from Trog
 25925 | Spider:1 | Reached skill level 14 in Armour
 26299 | Spider:2 | Found a transporter.
 26303 | Spider:2 | Noticed bmj180's ghost (adept MiFi)
 26310 | Spider:2 | Reached XP level 16. HP: 152/152 MP: 12/21
 26867 | Spider:3 | Noticed Nikola
 26942 | Spider:3 | Killed Nikola
 27281 | Spider:4 | Entered Level 4 of the Spider Nest
 27295 | Spider:4 | Reached skill level 14 in Shields
 27456 | Spider:4 | Received a gift from Trog
 27787 | Spider:4 | Reached skill level 17 in Fighting
 27882 | Spider:4 | Reached skill level 15 in Armour
 28046 | Spider:4 | Reached skill level 15 in Shields
 28062 | Spider:4 | Received a gift from Trog
 28415 | Spider:4 | Got a gossamer rune of Zot
 28774 | Spider:3 | Noticed Arachne
 28798 | Spider:3 | Killed Arachne
 29800 | Elf:1    | Entered Level 1 of the Elven Halls
 30183 | Elf:1    | Reached XP level 17. HP: 141/161 MP: 13/22
 30336 | Elf:1    | Received a gift from Trog
 30601 | Elf:1    | Reached skill level 10 in Dodging
 30607 | Elf:1    | Found Lycezxok's Gadget Shoppe.
 30609 | Elf:1    | Found Hossics's Jewellery Boutique.
 30610 | Elf:1    | Found Qymnepaf's Gadget Shoppe.
 30865 | Elf:1    | Reached skill level 9 in Evocations
 31183 | Elf:2    | Received a gift from Trog
 31266 | Elf:2    | Noticed Louise
 31287 | Elf:2    | Killed Louise
 31406 | Elf:2    | Reached skill level 16 in Shields
 31439 | Elf:2    | Reached skill level 16 in Armour
 31475 | Elf:2    | Found a runed translucent gate.
 31475 | Elf:2    | Found a runed translucent gate.
 31475 | Elf:2    | Found a runed translucent gate.
 31951 | Elf:2    | Noticed Agnes
 31966 | Elf:2    | Killed Agnes
 32048 | Elf:2    | Noticed a deep elf blademaster
 32070 | Elf:2    | Killed a deep elf blademaster
 32070 | Elf:2    | Reached skill level 18 in Fighting
 32178 | Elf:2    | Reached skill level 11 in Dodging
 32226 | Elf:2    | Received a gift from Trog
 32700 | Elf:3    | Entered Level 3 of the Elven Halls
 32813 | Elf:3    | Noticed Bai Suzhen
 32833 | Elf:3    | Killed Bai Suzhen
 32833 | Elf:3    | Reached skill level 10 in Evocations
 32872 | Elf:3    | Reached XP level 18. HP: 164/172 MP: 15/24
 32979 | Elf:3    | Noticed a Brimstone Fiend
 33205 | Elf:3    | Identified the +3 mace "Jerehovu" {pain, Int+4}
 33224 | Elf:3    | Identified the +1 leather armour of Yxkee {Dex+2}
 33224 | Elf:3    | Identified a ring of the Octopus King {AC+1 EV+1 Str+1
                  | Int+1 Dex+1 Stlth+}
 33227 | Elf:3    | Reached skill level 12 in Dodging
 33232 | Elf:3    | Noticed a Brimstone Fiend
 33232 | Elf:3    | Reached skill level 17 in Shields
 33384 | Elf:3    | Reached skill level 17 in Armour
 33403 | Elf:3    | Found the +3 giant club "Skullcrusher" {speed, Str+7}
 33435 | Elf:3    | Got a faintly glowing cloak
 33446 | Elf:3    | Identified the +2 cloak of Duemia {*Corrode rC+++ MP-9
                  | Stlth+} (You found it on level 3 of the Elven Halls)
 33835 | Elf:3    | Received a gift from Trog
 33922 | Elf:3    | Noticed Aizul
 33939 | Elf:3    | Killed Aizul
 34722 | Elf:1    | Bought the ring "Reypsiep" {+Fly rElec rC+ MR+} for 607
                  | gold pieces
 35056 | Shoals:1 | Entered Level 1 of the Shoals
 35216 | Shoals:2 | Reached skill level 11 in Evocations
 35298 | Shoals:2 | Reached skill level 19 in Fighting
 35643 | Shoals:2 | Received a gift from Trog
 35742 | Shoals:2 | Reached skill level 13 in Dodging
 35742 | Shoals:2 | Reached XP level 19. HP: 182/182 MP: 17/26
 35857 | Shoals:2 | Got a shimmering bone ring
 36239 | Shoals:3 | Reached skill level 18 in Shields
 36445 | Shoals:4 | Entered Level 4 of the Shoals
 36519 | Shoals:4 | Received a gift from Trog
 36701 | Shoals:4 | Identified the +1 plate armour "Usiuveys" {Str+4 Int+4}
 36846 | Shoals:4 | Got a steaming platinum ring
 36848 | Shoals:4 | Identified the ring of Silufue {*Corrode rN+++ MR+ Str+3}
                  | (You found it on level 4 of the Shoals)
 36944 | Shoals:4 | Reached skill level 14 in Dodging
 36972 | Shoals:4 | Got a barnacled rune of Zot
 37252 | Shoals:1 | Identified the ring of Darkness {rN+ Int+2} (You found it
                  | on level 2 of the Shoals)
 37438 | Vaults:1 | Entered Level 1 of the Vaults
 37574 | Vaults:1 | Reached skill level 19 in Shields
 37970 | Vaults:1 | Received a gift from Trog
 38668 | Vaults:2 | Reached skill level 20 in Shields
 38921 | Vaults:2 | Found a staircase to the Crypt.
 38926 | Vaults:2 | Received a gift from Trog
 39296 | Vaults:2 | Found Joushir's Jewellery Shoppe.
 39650 | Vaults:3 | Reached XP level 20. HP: 191/191 MP: 18/27
 39841 | Vaults:3 | Reached skill level 18 in Armour
 39937 | Vaults:3 | Received a gift from Trog
 39988 | Vaults:3 | Reached skill level 20 in Fighting
 40719 | Vaults:3 | Received a gift from Trog
 41559 | Elf:1    | Bought a box of beasts for 240 gold pieces
 41559 | Elf:1    | Bought a box of beasts for 240 gold pieces
 42007 | Vaults:4 | Found Rupefauw's Book Boutique.
 42090 | Vaults:4 | Reached skill level 19 in Armour
 42326 | Vaults:4 | Found Puomoir's Magic Scroll Boutique.
 42337 | Vaults:4 | Bought a scroll of enchant armour for 180 gold pieces
 42337 | Vaults:4 | Bought a scroll of acquirement for 1248 gold pieces
 42337 | Vaults:4 | Bought a scroll of teleportation for 72 gold pieces
 42338 | Vaults:4 | Found the +10 large shield of Ignorance {rN+ Int-4}
 43386 | Vaults:4 | Reached skill level 21 in Fighting
 43520 | Vaults:5 | Entered Level 5 of the Vaults
 43552 | Vaults:4 | Reached XP level 21. HP: 198/205 MP: 19/28
 43567 | Vaults:5 | Received a gift from Trog
 43567 | Vaults:5 | Reached skill level 20 in Armour
 43913 | Vaults:5 | Received a gift from Trog
 43953 | Vaults:5 | Reached skill level 22 in Fighting
 43984 | Vaults:5 | Reached skill level 21 in Armour
 44012 | Vaults:5 | Got a flickering crystal amulet
 44013 | Vaults:5 | Identified the amulet of the Endless Expanse {Inacc Fragile
                  | rN+ Int-3 Dex+6} (You found it on level 5 of the Vaults)
 44082 | Vaults:5 | Noticed an ancient lich
 44098 | Vaults:5 | Killed an ancient lich
 44363 | Vaults:5 | Identified the ring of Qanwe {EV+3 Str+8 Int-4}
 44370 | Vaults:5 | Received a gift from Trog
 44729 | Vaults:5 | Reached XP level 22. HP: 216/216 MP: 20/29
 44756 | Vaults:5 | Identified the Catalogue of Displacement
 44883 | Vaults:5 | Got a silver rune of Zot
 44888 | Vaults:5 | Identified a +2 pair of boots of running (You found it on
                  | level 5 of the Vaults)
 44899 | Vaults:5 | Noticed an ancient lich
 44907 | Vaults:5 | Killed an ancient lich
 45774 | Depths:1 | Entered Level 1 of the Depths
 45861 | Depths:1 | Received a gift from Trog
 46060 | Depths:1 | Reached skill level 15 in Dodging
 46209 | Depths:1 | Found a gateway to a ziggurat.
 46298 | Depths:1 | Reached skill level 12 in Evocations
 46675 | Depths:1 | Found a gateway to Hell.
 46750 | Depths:2 | Received a gift from Trog
 46843 | Depths:2 | You fall through a shaft for 2 floors!
 46905 | Depths:4 | Reached skill level 21 in Shields
 46976 | Depths:4 | Noticed a golden dragon
 46976 | Depths:4 | a shadow dragon changed into a golden dragon
 46978 | Depths:4 | Noticed a caustic shrike
 46978 | Depths:4 | a golden dragon changed into a caustic shrike
 46982 | Depths:4 | Found a one-way gate to the infinite horrors of the Abyss.
 46993 | Depths:4 | Reached skill level 22 in Armour
 47484 | Depths:4 | Found the +1 cloak of Starlight {rElec rC+ EV+4 Stlth--}
 47536 | Depths:4 | Got a crude pewter ring
 47538 | Depths:4 | Identified the ring "Efixtin" {rF+ Str-5 Int+2 Dex+3} (You
                  | found it on level 4 of the Depths)
 47651 | Depths:4 | Found a one-way gate leading to the halls of Pandemonium.
 47845 | Depths:4 | Reached skill level 23 in Fighting
 47862 | Depths:4 | Noticed Xtahua
 47880 | Depths:4 | Killed Xtahua
 48362 | Depths:3 | Reached XP level 23. HP: 224/224 MP: 22/31
 48417 | Depths:2 | Noticed Mara
 48422 | Depths:2 | Noticed Artagas's illusion
 48465 | Depths:2 | Noticed Artagas's illusion
 48486 | Depths:3 | Received a gift from Trog
 48531 | Depths:2 | Noticed Artagas's illusion
 48534 | Depths:2 | Killed Mara
 49508 | Depths:2 | Noticed a juggernaut
 49525 | Depths:2 | Killed a juggernaut
 49525 | Depths:2 | Reached skill level 16 in Dodging
 49525 | Depths:2 | Reached skill level 13 in Evocations
 49921 | Depths:5 | Entered Level 5 of the Depths
 50005 | Depths:5 | Noticed a juggernaut
 50006 | Depths:5 | Noticed a juggernaut
 50020 | Depths:5 | Killed a juggernaut
 50027 | Depths:5 | Killed a juggernaut
 50183 | Depths:5 | Received a gift from Trog
 50367 | Depths:5 | Noticed a juggernaut
 50385 | Depths:5 | Killed a juggernaut
 51142 | Depths:5 | Reached skill level 22 in Shields
 51176 | Depths:5 | Found a gate to the Realm of Zot.
 51182 | Zot:1    | Entered Level 1 of the Realm of Zot
 51441 | Zot:2    | Noticed a Killer Klown
 51458 | Zot:2    | Killed a Killer Klown
 51458 | Zot:2    | Reached skill level 23 in Armour
 51508 | Zot:2    | Reached skill level 17 in Dodging
 51517 | Zot:2    | Identified the amulet "Jacaab" {Faith *Drain rF++ Str+3
                  | Int+4}
 51519 | Zot:2    | Noticed a curse toe
 51526 | Zot:2    | Reached XP level 24. HP: 229/235 MP: 22/31
 51529 | Zot:2    | Reached skill level 24 in Fighting
 51572 | Zot:2    | Received a gift from Trog
 51604 | Zot:2    | Reached skill level 18 in Dodging
 51723 | Zot:4    | Found the +2 pair of boots of the Assassin {Detection Stab+
                  | Stlth++}
 51723 | Zot:4    | Found a transporter.
 51735 | Zot:4    | Found a transporter.
 51814 | Zot:5    | Entered Level 5 of the Realm of Zot
 52883 | Zot:5    | Noticed an ancient lich
 52897 | Zot:5    | Killed an ancient lich
 52908 | Zot:5    | Noticed an ancient lich
 52920 | Zot:5    | Killed an ancient lich
 53163 | Zot:5    | Noticed an orb of fire
 53169 | Zot:5    | Noticed a Killer Klown
 53174 | Zot:5    | Killed an orb of fire
 53183 | Zot:5    | Noticed a Killer Klown
 53186 | Zot:5    | Killed a Killer Klown
 53192 | Zot:5    | Noticed an orb of fire
 53196 | Zot:5    | Killed a Killer Klown
 53203 | Zot:5    | Killed an orb of fire
 53205 | Zot:5    | Noticed a Killer Klown
 53211 | Zot:5    | Noticed a Killer Klown
 53220 | Zot:5    | Killed a Killer Klown
 53223 | Zot:5    | Noticed an orb of fire
 53229 | Zot:5    | Gained mutation: You tend to lose your temper in combat.
                  | [an orb of fire]
 53232 | Zot:5    | Gained mutation: You are weak. (Str -2) [an orb of fire]
 53235 | Zot:5    | Gained mutation: Scrolls take you a little longer to read.
                  | [an orb of fire]
 53246 | Zot:5    | Gained mutation: Your body sometimes deteriorates upon
                  | taking damage. [an orb of fire]
 53252 | Zot:5    | Killed an orb of fire
 53257 | Zot:5    | Killed a Killer Klown
 53257 | Zot:5    | Reached XP level 25. HP: 147/240 MP: 2/31
 53257 | Zot:5    | Noticed an ancient lich
 53269 | Zot:5    | Killed an ancient lich
 53269 | Zot:5    | Reached skill level 19 in Dodging
 53291 | Zot:5    | Noticed a Killer Klown
 53307 | Zot:5    | Killed a Killer Klown
 53327 | Zot:5    | Noticed an ancient lich
 53335 | Zot:5    | Lost mutation: You tend to lose your temper in combat.
                  | [potion of mutation]
 53335 | Zot:5    | Lost mutation: You are weak. (Str -2) [potion of mutation]
 53335 | Zot:5    | Lost mutation: Your body sometimes deteriorates upon taking
                  | damage. [potion of mutation]
 53335 | Zot:5    | Gained mutation: You have sharp toenails. [potion of
                  | mutation]
 53335 | Zot:5    | Gained mutation: You are partially covered in rugged brown
                  | scales. (AC +1, +3% HP) [potion of mutation]
 53335 | Zot:5    | Lost mutation: You have sharp toenails. [potion of
                  | mutation]
 53335 | Zot:5    | Gained mutation: Your spells are a little harder to cast,
                  | but a little more powerful. [potion of mutation]
 53355 | Zot:5    | Killed an ancient lich
 53355 | Zot:5    | Reached skill level 23 in Shields
 53649 | Zot:5    | Reached skill level 24 in Armour
 53663 | Zot:5    | Reached skill level 25 in Fighting
 53683 | Zot:5    | Noticed an orb of fire
 53686 | Zot:5    | Noticed an orb of fire
 53687 | Zot:5    | Noticed an orb of fire
 53689 | Zot:5    | Noticed an orb of fire
 53760 | Zot:5    | Gained mutation: Potions are less effective at restoring
                  | your health. [an orb of fire]
 53769 | Zot:5    | Noticed a Killer Klown
 53856 | Zot:5    | Got the Orb of Zot
 53888 | Zot:5    | Paralysed by a Zot trap for 5 turns
 53919 | Zot:5    | Noticed a Killer Klown
 53946 | Zot:5    | Killed a Killer Klown
 53980 | Zot:5    | Noticed a Killer Klown
 53997 | Zot:4    | Killed an orb of fire
 54222 | Depths:1 | Noticed Ethral Qotton the pandemonium lord
 54255 | D:15     | Received a gift from Trog
 54543 | D:6      | Noticed Xigun the pandemonium lord
 54585 | D:5      | Noticed Cutsa the pandemonium lord
 54602 | D:5      | Killed Cutsa the pandemonium lord
 54696 | D:2      | Noticed Nisacw the pandemonium lord
 54730 | D:2      | Killed Nisacw the pandemonium lord
 54772 | D:$      | Escaped with the Orb!

Skill      XL: |  1  2  3  4  5  6  7  8  9 10 11 12 13 14 15 16 17 18 19 20 21 22 23 24 25 |
---------------+----------------------------------------------------------------------------+-----
Fighting       | 4 5 7 8 9 11 12 14 15 16 17 18 19 21 22 23 24 25 | 25.4
Axes           | 4 5 6 8 9 10 12 14 15 16 18 | 18.0
Armour         | 3 4 5 8 9 11 12 14 15 16 17 19 21 22 23 24 | 24.5
Evocations     | 1 2 4 5 7 8 10 11 12 13 | 13.0
Shields        | 3 6 9 10 11 13 15 16 17 20 21 22 23 | 23.6
Dodging        | 3 6 9 11 13 14 15 17 18 19 | 19.8

Action                   |  1- 3 |  4- 6 |  7- 9 | 10-12 | 13-15 | 16-18 | 19-21 | 22-24 | 25-27 || total
-------------------------+-------+-------+-------+-------+-------+-------+-------+-------+-------++-------
Melee: Hand axe          |    47 |   155 |   125 |       |       |       |       |       |       ||   327
       Headbutt          |     8 |    28 |    68 |    92 |   225 |   208 |   351 |   425 |    78 ||  1483
       War axe           |       |       |    36 |       |       |       |       |       |       ||    36
       Battleaxe         |       |       |   182 |   114 |       |       |       |       |       ||   296
       Broad axe         |       |       |       |   348 |   953 |  1074 |  1326 |  1514 |   311 ||  5526
       Unarmed           |       |       |       |       |       |       |       |     1 |       ||     1
Throw: Tomahawk          |       |     2 |       |       |       |       |       |       |       ||     2
       Javelin           |       |       |       |       |    10 |       |       |       |       ||    10
Invok: Berserk           |     2 |     2 |     6 |     6 |     4 |     1 |       |     1 |       ||    22
       Trog's Hand       |       |     1 |       |     1 |       |     3 |     4 |     6 |     3 ||    18
       Brothers in Arms  |       |       |       |     3 |     2 |     5 |     3 |     8 |     2 ||    23
 Abil: Evoke Flight      |       |       |       |       |       |     7 |    12 |       |       ||    19
       Stop Flying       |       |       |       |       |       |     1 |       |       |       ||     1
Evoke: Wand              |       |       |       |     1 |       |     7 |       |     3 |     8 ||    19
       Lamp of fire      |       |       |       |       |     1 |     1 |       |       |       ||     2
       Phantom mirror    |       |       |       |       |       |     1 |       |       |       ||     1
       Box of beasts     |       |       |       |       |       |       |       |     1 |     1 ||     2
  Use: Scroll            |     2 |     2 |     9 |    21 |     5 |    11 |     4 |    28 |     3 ||    85
       Potion            |       |       |     1 |     1 |       |     2 |     1 |     9 |     7 ||    21
 Stab: Held in net/web   |       |       |       |       |       |     1 |       |       |       ||     1
       Distracted        |       |       |       |       |       |       |     1 |     3 |       ||     4
       Paralysed         |       |       |       |       |       |       |       |     3 |     2 ||     5
       Confused          |       |       |       |       |       |       |       |     3 |       ||     3
  Eat: Chunk             |     3 |     9 |    15 |    21 |    31 |    27 |    22 |     8 |       ||   136
       Ration            |       |       |     2 |     6 |     5 |     4 |     4 |     8 |     8 ||    37
Armor: Animal skin       |     6 |       |       |       |       |       |       |       |       ||     6
       Chain mail        |       |    48 |   149 |   209 |   366 |   423 |   312 |   244 |       ||  1751
       Ring mail         |       |     4 |       |       |       |       |       |       |       ||     4
       Skin              |       |       |       |     1 |       |       |       |       |       ||     1
       Plate armour      |       |       |       |       |       |       |       |   181 |    85 ||   266
Dodge: Dodged            |    29 |    48 |    82 |   120 |   157 |   245 |   278 |   331 |    55 ||  1345
Block: Buckler           |       |    13 |     9 |       |       |       |       |       |       ||    22
       Shield            |       |       |    38 |    39 |       |       |       |       |       ||    77
       Large shield      |       |       |       |   159 |   885 |  1032 |  1455 |  1842 |   318 ||  5691

Levels and vault maps discovered:
D:1:      ncdulo_wetmaze, layout_loops_corners
D:2:      layout_basic, first_ration
D:3:      layout_basic, kennysheep_pointless_box, nemelex_altar_shiori
D:4:      layout_basic, ebering_ghost_sewer_d, portal_sewer_entry_d, uniq_ijyb,
          uniq_sigmund
D:5:      black_bear_nest_1, layout_basic, kennysheep_cluttered_room,
          serial_park_tiny_2
D:6:      layout_loops_cross, serial_shops, nicolae_shop_trees, shop
D:7:      lemuel_slime, layout_loops_cross, minmay_temple_entry_proselytizer
D:8:      layout_gridville, evilmike_ruin_ashenzari, enter_ossuary_1
D:9:      layout_rooms, orc_0_dummy, blue_anna_alchemist
          [blue_anna_fruit_fields, blue_anna_fruit_fields], tgw_trog
D:10:     layout_stronghold, basic_altar, minmay_misc_feat_roman, uniq_joseph,
          uniq_fannar, uniq_erica
D:11:     layout_small_grid, due_lair_maze_entry_diamond, serial_shops,
          nicolae_shop_window_shopping
D:12:     layout_roguey
D:13:     layout_basic, hangedman_vaults_entry_quadrant_bands,
          ebering_ghost_xom, minmay_misc_feat_five, lemuel_hellish_altar
D:14:     layout_grid_maze, serial_bayou_pond_b
D:15:     grunt_enter_depths_hoard, layout_cave_pools, serial_shops, shop,
          doesnt_xom_only_xom, uniq_roxanne
Lair:1:   layout_misc_corridors, grunt_megastairs_3, uniq_gastronok
Lair:2:   layout_cave_shapes
Lair:3:   layout_cave_pods, nicolae_spider_entry_orb_guardian,
          serial_bayou_pond_b, gammafunk_lair_bear_cave, serial_bayou_shore_b
Lair:4:   layout_layer_cave, elwin_shoals_entry_rocks, gauntlet_entry_generic,
          grunt_megastairs_5
Lair:5:   layout_gridlike, dpeg_slime_entry_enclosed_altar,
          gammafunk_ghost_cemetery, patterned_corridor
Lair:6:   grunt_lair_end_beastmaster, layout_regular_city, basic_altar,
          minmay_hedge_maze
Shoals:1: layout_shoals, portal_ice_cave_entry_ice_statue_one, st_sunken_huts
Shoals:2: layout_shoals
Shoals:3: cheibrodos_shoals_gigantism, layout_shoals
Shoals:4: shoals_end_simple, layout_shoals, nicolae_shoals_this_corrosion
Spider:1: layout_spider_delve
Spider:2: layout_spider_delve, gammafunk_ghost_berserking_beasts
Spider:3: layout_chambers, nicolae_spider_webbed_stairs, uniq_arachne,
          uniq_nikola
Spider:4: spider_rune_water, guppyfry_spider_mini_2
Orc:1:    layout_diamond_mine, trog_hazing_becter, uniq_jorgrun
Orc:2:    st_orc_town, layout_caves, uniq_josephine, uniq_snorg, uniq_azrael
Elf:1:    elf_arrival_002, layout_loops_corners, minmay_elf_necromancy,
          minmay_elf_sorcery, minmay_shop_grove
Elf:2:    layout_loops_cross, elves_outpost_lemuel, uniq_louise, uniq_agnes
Elf:3:    minmay_elf_hall_dome, layout_loops_corners, amethyst_killhole,
          dk_noncrumbling_4, fake_guardian_serpent_vault, uniq_aizul,
          uniq_bai_suzhen
Vaults:1: v_misc_13, v_misc_27, nicolae_vaults_little_squares_4, st_cells,
          hangedman_vaults_stretched_pinwheel, v_alt_pattern_5,
          layout_vaults_omnigrid
Vaults:2: vaults_room_stairs_pillars, vaults_mumra_minichess_inversion,
          v_misc_3, hangedman_vaults_capsules, blue_anna_dwarven_crypt,
          vaults_room_pool, nicolae_vaults_display_case, v_misc_28, v_misc_29,
          ontoclasm_vaults_fault, layout_vaults_omnicross, serial_shops, shop
Vaults:3: v_misc_8, v_misc_15, vaults_standard_mumra_x, v_misc_9,
          vaults_room_fours, v_misc_16, v_misc_27, st_quartered_hall,
          hangedman_vaults_nails, layout_vaults_ring
Vaults:4: vaults_mumra_chevron_long, vaults_room_hallway, v_misc_1,
          nicolae_vaults_little_squares_2, nicolae_vaults_specimen_jars,
          dpeg_vaults_monster_box, nicolae_vaults_asterisk,
          nicolae_vaults_triangles, nicolae_vaults_angled_halls,
          nicolae_vaults_network_star, nicolae_vaults_angled_halls,
          ontoclasm_vaults_chip, vaults_dpeg_encased_lava,
          layout_vaults_maze_snakey, serial_shops, nicolae_shop_stone, shop
Vaults:5: serial_shops
Depths:1: layout_cave_shapes, enter_ziggurat_a, hellmouth_1,
          columned_hall_lemuel, minmay_misc_feat_square, dk_noncrumbling_2,
          hangedman_decor_slide_cut, kennysheep_generic_room_2
Depths:2: hangedman_cross_cluster, layout_cave_pools, tso_altar, hell_entry,
          pan_entry, hangedman_stitches_earthworm,
          minmay_staircase_statues_hall_small, uniq_mara
Depths:3: minmay_inner_zag, layout_cave_shapes, serial_column_ruins,
          column_ruins_hut_pillars, column_ruins_grid_5,
          column_ruins_columns_corner, column_ruins_open_large,
          column_ruins_columns_straight, column_ruins_open_tiny,
          column_ruins_corridor_straight, rand_demon_pan_entry_3,
          pf_coc_iceberg, sword_in_stone
Depths:4: radiant_caverns_b_rkd, abyss_entry, hell_entry, serial_shops,
          pan_entry, uniq_xtahua
Depths:5: evilmike_zot_entry_hall, layout_cave_pools, hangedman_decor_riveting,
          grunt_pan_entry_spiral, hell_entry
Zot:1:    layout_onion, st_small_dragon_hoard_5
Zot:2:    lemuel_firehouse, layout_concentric_octagons
Zot:3:    layout_gridlike
Zot:4:    gammafunk_sealed_arena, layout_basic, bh_zot_levy_curve
Zot:5:    layout_basic
Sewer:    sewer_co_15_rooms
Ossuary:  ossuary_due_pyramid
Gauntlet: minmay_gauntlet_77_indecision
          [minmay_gauntlet_arena_77_radiant_squares,
          minmay_gauntlet_arena_77_path,
          minmay_gauntlet_arena_77_terracotta_army,
          minmay_gauntlet_arena_77_braids, minmay_gauntlet_arena_77_mirror,
          minmay_gauntlet_arena_77_box, gauntlet_exit_hidden_loot]

Table legend:
 A = Turns spent in this place as a percentage of turns spent in the entire game.
 B = Non-inter-level travel turns spent in this place as a percentage of non-inter-level travel turns spent in the entire game.
 C = Inter-level travel turns spent in this place as a percentage of turns spent in this place.
 D = Turns resting spent in this place as a percentage of non-inter-level travel turns spent in this place.
 E = Turns spent auto-exploring this place as a percentage of non-inter-level travel turns spent in this place.
 F = Non-inter-level travel turns spent in this place divided by the number of levels of this place that you've seen.
                   A       B       C       D       E      F
               +-------+-------+-------+-------+-------+----------------------
         Total | 100.0 | 100.0 |  11.8 |  11.9 |  59.3 | 929.3
       Dungeon |  32.9 |  32.1 |  13.9 |  13.1 |  66.4 | 1034.5
          Lair |  12.5 |  11.7 |  17.1 |   8.4 |  70.6 | 943.0
        Shoals |   4.1 |   4.3 |   5.9 |   1.3 |  34.2 | 523.8
   Spider Nest |   6.8 |   7.5 |   3.1 |  18.1 |  59.5 | 901.8
  Orcish Mines |   3.8 |   3.2 |  26.2 |   7.8 |  66.9 | 773.5
   Elven Halls |   9.7 |   9.9 |  10.5 |   5.6 |  67.0 | 1591.7
        Vaults |  12.5 |  12.6 |  10.8 |   5.3 |  64.2 | 1219.0
        Depths |   9.6 |   9.5 |  11.9 |   6.9 |  55.2 | 921.8
           Zot |   5.0 |   5.6 |   2.4 |  39.2 |   9.2 | 537.8
         Sewer |   1.2 |   1.4 |   0.0 |  16.2 |  54.7 | 684.0
       Ossuary |   0.7 |   0.8 |   0.0 |  19.2 |   9.0 | 391.0
      Gauntlet |   1.2 |   1.4 |   0.0 |  46.5 |  23.4 | 654.0
               +-------+-------+-------+-------+-------+----------------------

Table legend:
 A = Kills in this place as a percentage of kills in entire the game.
 B = Kills by you in this place as a percentage of kills by you in the entire game.
 C = Kills by friends in this place as a percentage of kills by friends in the entire game.
 D = Other kills in this place as a percentage of other kills in the entire game.
 E = Experience gained in this place as a percentage of experience gained in the entire game.
 F = Experience gained in this place divided by the number of levels of this place that you have seen.
                   A       B       C       D       E      F
               +-------+-------+-------+-------+-------+----------------------
         Total | 100.0 | 100.0 | 100.0 | 100.0 | 100.0 | 24618.0
       Dungeon |  21.4 |  21.7 |   6.2 |  16.7 |   7.5 | 6400.2
          Lair |   8.4 |   8.4 |  10.4 |   0.0 |   4.5 | 9703.2
        Shoals |   6.7 |   6.9 |   0.0 |   0.0 |   5.7 | 18221.5
   Spider Nest |   6.4 |   6.0 |  20.8 |   0.0 |   4.4 | 14229.8
  Orcish Mines |   6.1 |   5.7 |  22.9 |   0.0 |   1.9 | 12329.5
   Elven Halls |   9.1 |   9.0 |  10.4 |  33.3 |  11.2 | 47917.7
        Vaults |  18.1 |  18.5 |   4.2 |   0.0 |  24.4 | 62453.2
        Depths |  13.8 |  13.6 |  20.8 |  33.3 |  18.6 | 47601.0
           Zot |   6.0 |   6.0 |   4.2 |  16.7 |  21.3 | 54469.6
         Sewer |   0.9 |   0.9 |   0.0 |   0.0 |   0.0 | 242.0
       Ossuary |   2.6 |   2.7 |   0.0 |   0.0 |   0.0 | 280.0
      Gauntlet |   0.6 |   0.6 |   0.0 |   0.0 |   0.4 | 4555.0
               +-------+-------+-------+-------+-------+----------------------
